 Dungeon Crawl Stone Soup version 0.28-a0-1080-g05a166d0ed (webtiles) character file.

Game seed: 665217882158517479

51 Strat the Poker (level 3, -18/34 HPs)
             Began as a Naga Monk on Dec 10, 2021.
             Killed from afar by Ijyb (27 damage)
             ... with a bolt of acid
             ... on level 3 of the Dungeon.
             The game lasted 00:04:08 (3020 turns).

Strat the Poker (Naga Monk)                         Turns: 3020, Time: 00:04:08

Health: -18/34     AC:  4    Str: 15    XL:     3   Next: 81%
Magic:  3/3        EV:  9    Int: 10    God:
Gold:   95         SH:  0    Dex: 13    Spells: 2/2 levels left

rFire   . . .      SeeInvis +   a - +1 glaive
rCold   . . .      Faith    .   (shield currently unavailable)
rNeg    . . .      Spirit   .   g - +1 ring mail
rPois   +          Reflect  .   (no helmet)
rElec   .          Harm     .   (no cloak)
rCorr   .          Rampage  .   (no gloves)
Will    .....                   (no barding)
Stlth   ++........              (no amulet)
HPRegen 0.11/turn               (no ring)
MPRegen 0.08/turn               (no ring)

@: hasted, invisible, quick
A: AC +1, large, see invisible, deformed body, poison resistance, slowness 2,
spit poison 1, naga tail 1
a: Spit Poison


You were on level 3 of the Dungeon.
You visited 1 branch of the dungeon, and saw 3 of its levels.

You collected 95 gold pieces.

Inventory:

Hand Weapons
 a - a +1 glaive (weapon)
 b - a +0 hunting sling
 o - a +0 spear
Missiles
 d - 26 sling bullets
 f - 109 stones (quivered)
 k - a throwing net
Armour
 c - a +0 leather armour
 g - a +1 ring mail (worn)
 j - a +0 robe
Scrolls
 e - 3 scrolls of identify
 h - 4 scrolls of teleportation


   Skills:
 - Level 3.0 Fighting
 + Level 3.9 Polearms
 + Level 1.8 Armour
 - Level 2.4 Dodging
 - Level 3.0 Stealth


You had 2 spell levels left.
You didn't know any spells.
Your spell library contained the following spells:

 Spells                   Type           Power      Damage    Failure   Level
 Sting                    Tmut/Pois      0%         1d3       58%         1
 Poisonous Vapours        Pois/Air       0%         N/A       73%         2
 Olgreb's Toxic Radiance  Pois           0%         N/A       100%        4


Dungeon Overview and Level Annotations

Branches:
Dungeon (3/15)

Altars:
Qazlal

Annotations:
D:3 Ijyb


Innate Abilities, Weirdness & Mutations

Your serpentine skin is tough. (AC +1)
You have supernaturally acute eyesight. (SInv)
Armour fits poorly on your strangely shaped body.
Your system is resistant to poisons. (rPois)
You cover ground very slowly.
You can spit poison.
You have a snake-like lower body.


Message History

Found a stone staircase leading up.
You see here 21 arrows.
Found a stone staircase leading down.
Found a stormy altar of Qazlal.
Found 12 gold pieces.
You now have 87 gold pieces (gained 12).
Found a faded altar of an unknown god.
f - 109 stones (gained 15)
You now have 95 gold pieces (gained 8).
Found a stone staircase leading down.
A kobold comes into view. It is wielding a +0 short sword.
The kobold shouts!
Found a mace.
You reach to attack!
You barely miss the kobold.
The kobold hits you with a +0 short sword.
You hit the kobold.
The kobold is severely wounded.
The kobold hits you with a +0 short sword.
You barely miss the kobold.
The kobold is severely wounded.
The kobold hits you with a +0 short sword. x2
* * * LOW HITPOINT WARNING * * *
You are too injured to fight recklessly!
You are too injured to fight recklessly!
You are too injured to fight recklessly!
You slash the kobold!
You kill the kobold!
You see here a +0 short sword.
You start resting.
You see here a +0 short sword.
You start resting.
HP restored.
Ijyb shouts!
Ijyb zaps a wand.
The bolt of acid hits you!!
Ouch! That really hurt!
* * * LOW HITPOINT WARNING * * *
You fade into invisibility!
You feel yourself speed up.
Ijyb zaps a wand.
The bolt of acid hits you!!
Ouch! That really hurt!
You die...

##.##.#.##........###..#.....,,
#....#...........# *#....,,,,,
###....#....###### *##.*****,
######....#.##...#* *** *,,
#...........####..#******** **,*
..####..##..$#**#....,,,,,****,,*
.## #...####..,**####****,,,,,,**
.####..## #...####### ********
.......# *#..g@....# #####
####...## ##...###.### #.)..
#....# ###..*#...## #.... #.#..#
##.####..# #....
####.#..#######*#.#####.#####....
..........>....,>................
###....<...####*#.#####.#####>...
......#..### #.# #.#####....
###.#.##..#* #.# #......)...


You could see Ijyb.

Vanquished Creatures
  2 adders (D:2)
  An adder skeleton (D:2)
  2 bats
  6 endoplasms
  A giant cockroach (D:2)
  3 hobgoblins
  3 kobolds
  A quokka (D:1)
  7 ball pythons
  2 rats (D:1)
28 creatures vanquished.

Notes
Turn   | Place    | Note
-------+----------+-------------------------------------------
     0 | D:1      | Strat the Naga Monk began the quest for the Orb.
     0 | D:1      | Reached XP level 1. HP: 21/21 MP: 1/1
   922 | D:1      | Reached XP level 2. HP: 21/28 MP: 2/2
  1402 | D:2      | Reached skill level 1 in Armour
  1641 | D:2      | Reached XP level 3. HP: 26/34 MP: 3/3
  2512 | D:3      | Noticed Ijyb
  2816 | D:3      | Found a stormy altar of Qazlal.
  2816 | D:3      | Noticed an earth elemental
  2817 | D:3      | Noticed a water elemental
  2817 | D:3      | Noticed an air elemental
  2817 | D:3      | Noticed a fire elemental
  2841 | D:3      | Found a faded altar of an unknown god.
  3020 | D:3      | Killed from afar by Ijyb

Illustrated notes

Levels and vault maps discovered:
D:1:      minmay_arrival_plants_in_alcoves, layout_loops_corners
D:2:      layout_loops_corners
D:3:      layout_rooms, nicolae_qazlal_style_of_elements,
          shapermc_ecumenical_altar_starsandcircs, hangedman_decor_opposing,
          uniq_ijyb

Skill      XL: |  1  2 |
---------------+-------+-----
Armour         | 1 |  1.8
Fighting       | |  3.0
Polearms       | |  3.9
Dodging        | |  2.4
Stealth        | |  3.0

Action                   || total
-------------------------++-------
Melee: Spear             ||    96
       Glaive            ||     6
 Fire: Hunting sling     ||    27
Throw: Stone             ||     5
 Abil: Spit Poison       ||     5
  Use: Scroll            ||     8
       Potion            ||     2
 Stab: Sleeping          ||     4
Armor: Ring mail         ||    29
Dodge: Dodged            ||    38

Table legend: (Time is in decaauts)
 A = Elapsed time spent in this place.
 B = Non-inter-level travel time spent in this place.
 C = Inter-level travel time spent in this place.
 D = Time resting spent in this place.
 E = Time spent auto-exploring this place.
 F = Levels seen in this place.
 G = Mean time per level.
                   A        B        C        D        E       F      G
               +--------+--------+--------+--------+--------+-----+--------+
         Total |   3768 |   3665 |    103 |    124 |   2872 |   3 | 1256.0 |
       Dungeon |   3768 |   3665 |    103 |    124 |   2872 |   3 | 1256.0 |
               +--------+--------+--------+--------+--------+-----+--------+

Top non-repeatable levels by time:
     D:1: 1604 daAuts
     D:2: 1480 daAuts
     D:3: 684 daAuts
